 Dungeon Crawl Stone Soup version 0.29.0-4-gdea44cf6ec (webtiles) character file.

Game seed: 14458208288318618609

9 qw the Sneak (level 2, -2/19 HPs)
             Began as a Gargoyle Delver on Sept 10, 2022.
             Slain by a phantom (4 damage)
             ... on level 4 of the Dungeon.
             The game lasted 00:00:03 (185 turns).

qw the Sneak (Gargoyle Delver)                       Turns: 185, Time: 00:00:04

Health: -2/19      AC:  5    Str: 15    XL:     2   Next: 16%
Magic:  2/2        EV: 11    Int: 10    God:
Gold:   28         SH:  0    Dex: 11    Spells: 1/1 levels left

rFire   . . .      SeeInvis .   a - +0 hand axe
rCold   . . .      Faith    .   (no shield)
rNeg    + . .      Spirit   .   b - +0 leather armour
rPois   inf        Reflect  .   (no helmet)
rElec   +          Harm     .   (no cloak)
rCorr   .          Rampage  .   (no gloves)
Will    .....                   (no boots)
Stlth   +++.......              (no amulet)
HPRegen 0.06/turn               (no ring)
MPRegen 0.08/turn               (no ring)

@: no status effects
A: sickness immunity, AC +2, negative energy resistance 1, electricity
resistance, torment resistance 1, petrification resistance
a: no special abilities


You were on level 4 of the Dungeon.
You visited 1 branch of the dungeon, and saw 2 of its levels.

You collected 28 gold pieces.


Innate Abilities, Weirdness & Mutations

You are immune to sickness and miasma.
Your stone body is resilient. (AC +2)
You are immune to poison.
You resist negative energy. (rN+)
You are resistant to electric shocks. (rElec)
You are resistant to unholy torment.
You are immune to petrification.


   Skills:
 - Level 3.2 Fighting
 + Level 2.5 Axes
 - Level 1.5 Dodging
 - Level 5.4 Stealth


You had one spell level left.
You didn't know any spells.
Your spell library was empty.

Inventory:

Hand Weapons
 a - a +0 hand axe (weapon)
Armour
 b - a +0 leather armour (worn)
Wands
 g - a wand of digging (3)
Potions
 f - a potion of haste

Dungeon Overview and Level Annotations

Branches:
Dungeon (5/15)
 Temple: D:4-7

Altars:


Message History

The endoplasm barely misses you.
You hit the endoplasm.
You kill the endoplasm!
(D) Dungeon
Where to? (* - list waypoints, Enter - D:3, ? - help)
What level of the Dungeon? (default 1, ? - help)
You hit the phantom but do no damage. The phantom hits you.
You closely miss the phantom.
The phantom hits you but does no damage.
You hit the phantom.
The phantom is lightly damaged.
The phantom barely misses you.
You hit the phantom.
The phantom is moderately damaged.
The phantom hits you.
The phantom blinks!
You blink.
A hound comes into view.
The phantom hits you but does no damage.
You barely miss the phantom.
The phantom is moderately damaged.
The hound barks!
The phantom hits you but does no damage.
You closely miss the phantom.
The phantom is moderately damaged.
The phantom hits you.
You hit the phantom.
The phantom is moderately damaged.
An adder comes into view.
The phantom hits you.
The adder moves out of view.
You hit the phantom but do no damage.
The phantom is moderately damaged.
You hit the hound but do no damage.
The hound stops to sniff the ground.
The hound bites you. The phantom hits you!
The hound bites you but does no damage.
You hit the phantom but do no damage.
The phantom is moderately damaged.
You hit the hound. The phantom hits you.
The phantom blinks!
You blink.
The phantom hits you.
You die...

.## .. #. ..[ ...
#.#####... ...
####.....#.......
#......#.#<.....
#......#.#.#..#
#.....@#.#...##
####......W.#...S#
.........###.$...+
...!.....# #....h#
.........#......ยค#
##...#..#.#.##+##
#.###..#....
#......#.####.
#####......:..


You could see a phantom and a hound.

Vanquished Creatures
  A shadow imp (D:5)
  An endoplasm (D:4)
2 creatures vanquished.

Notes
Turn   | Place    | Note
-------+----------+-------------------------------------------
     0 | D:5      | qw the Gargoyle Delver began the quest for the Orb.
     0 | D:5      | Reached XP level 1. HP: 14/14 MP: 1/1
     0 | D:5      | 0 ||| qw: Version: 0.1-a-116-g5d60599
     0 | D:5      | 0 ||| qw: Game counter: 9388
     0 | D:5      | 0 ||| qw: Always use a shield: true
     0 | D:5      | 0 ||| qw: God list: Okawaru
     0 | D:5      | 0 ||| qw: Allow faded altars: false
     0 | D:5      | 0 ||| qw: Do Orc after D:15 true
     0 | D:5      | 0 ||| qw: Do second Lair branch before Depths: true
     0 | D:5      | 0 ||| qw: Lair rune preference: random
     0 | D:5      | 0 ||| qw: Plans: Normal
     0 | D:5      | 0 ||| PLANNING D:1-11
    10 | D:5      | 10 ||| Stepping ~*~*~tactically~*~*~ (hiding).
    19 | D:5      | Reached XP level 2. HP: 11/19 MP: 2/2
   144 | D:5      | 144 ||| DROPPING scroll of fog.
   145 | D:5      | 145 ||| DROPPING scroll of magic mapping.
   146 | D:5      | 146 ||| DROPPING scroll of fear.
   169 | D:4      | Noticed a phantom
   170 | D:4      | 170 ||| Stepping ~*~*~tactically~*~*~ (stealth).
   172 | D:4      | 172 ||| Stepping ~*~*~tactically~*~*~ (stealth).
   184 | D:4      | HP: 3/19 [phantom (7)]
   185 | D:4      | Slain by a phantom

Levels and vault maps discovered:
D:4:      gammafunk_cloud_chamber, layout_basic, minmay_temple_entry_glass
D:5:      layout_basic, kennysheep_vampire_church, gup_sewer_entry_spiral

Skill      XL: |  1 |
---------------+----+-----
Axes           | 2 |  2.5
Fighting       | |  3.2
Dodging        | |  1.5
Stealth        | |  5.4

Action                   || total
-------------------------++-------
Melee: Hand axe          ||    16
Armor: Leather armour    ||     4
Dodge: Dodged            ||     6

Table legend:
 A = Non-vault XP
 B = Vault XP
 C = Vault XP percentage of total XP
 D = Non-vault monster count
 E = Vault monster count
 F = Vault count percentage of total count
                 A         B        C        D         E       F
            +---------+---------+-------+---------+---------+-------
      Total |      14 |       0 |   0.0 |       2 |       0 |   0.0
            +---------+---------+-------+---------+---------+-------
        D:4 |       2 |       0 |   0.0 |       1 |       0 |   0.0
        D:5 |      12 |       0 |   0.0 |       1 |       0 |   0.0
            +---------+---------+-------+---------+---------+-------
